 Dungeon Sprint DCSS version 0.24-a0-536-gdd4cf15 (webtiles) character file.

Game seed: 1097120074954019158

56284 Faca the Bringer of Light (level 14, -15/124 HPs)
             Began as a Gnoll Fighter on Aug 13, 2019.
             Was the Champion of the Shining One.
             Demolished by a vault warden
             ... wielding a +3 war axe of electrocution
              (35 damage)
             ... in the Dungeon (Sprint IX: "|||||||||||||||||||||||||||||").
             The game lasted 00:20:56 (6067 turns).

Faca the Bringer of Light (Gnoll Fighter)           Turns: 6067, Time: 00:20:57

Health: -15/124    AC: 15    Str: 26    XL:     14   Next: 81%
Magic:  32/32      EV: 18    Int:  9    God:    the Shining One [******]
Gold:   1900       SH: 15    Dex: 21    Spells: 42/42 levels left

rFire    + + .     SeeInvis .   o - +2 scimitar (flame)
rCold    . . .     Gourm    .   c - +0 shield
rNeg     + + +     Faith    .   A - +2 plate armour
rPois    .         Spirit   .   B - +0 helmet of Lethargy {rElec Int-2 Dex+2} (curse)
rElec    +         Reflect  .   z - +1 cloak
rCorr    .         Harm     .   p - +0 pair of gloves
MR       +....     NoTele   +   a - +0 pair of boots
Stlth    +.........             (no amulet)
HPRegen  0.30/turn              r - +3 ring of strength
MPRegen  0.23/turn              u - ring "Piunore" {rF++ Dex+4}

@: corroded, glowing
A: distributed training, fangs 1, strong nose
a: Divine Shield, Cleansing Flame, Summon Divine Warrior, Brand Weapon With Holy
Wrath, Renounce Religion


You were in the Dungeon.
You worshipped the Shining One.
The Shining One was exalted by your worship.
You were not hungry.

You visited 1 branch You collected 1900 gold pieces.

Inventory:

Hand Weapons
 o - a +2 scimitar of flaming (weapon)
 y - a +3 broad axe
Missiles
 s - 2 throwing nets (quivered)
Armour
 a - a +0 pair of boots (worn)
 c - a +0 shield (worn)
 p - a +0 pair of gloves (worn)
 z - a +1 cloak (worn)
 A - a +2 plate armour (worn)
 B - the cursed +0 helmet of Lethargy (worn) {rElec Int-2 Dex+2}
   (You found it in the Dungeon)

   It affects your intelligence (-2).
   It affects your dexterity (+2).
   It insulates you from electricity.
   It has a curse placed upon it.
Jewellery
 r - a +3 ring of strength (left hand)
 u - the ring "Piunore" (right hand) {rF++ Dex+4}
   (You acquired it in the Dungeon)

   [ring of dexterity]

   It affects your dexterity (+4).
   It greatly protects you from fire.
 x - an uncursed ring of protection from fire
Wands
 n - a wand of acid (4)
Scrolls
 k - 4 scrolls of blinking
 l - 5 scrolls of remove curse
 m - 2 scrolls of amnesia
 v - 2 scrolls of identify
 w - 2 scrolls of enchant weapon
 C - a scroll of fog
 D - a scroll of fear
 E - 2 scrolls of enchant armour
Potions
 b - a potion of resistance
 e - 4 potions of curing
 h - 2 potions of haste
 i - 4 potions of magic
 t - a potion of agility
Comestibles
 d - a chunk of flesh
 f - 9 rations


   Skills:
 + Level 15.8 Fighting
 + Level 14.7 Short Blades
 + Level 15.3 Long Blades
 + Level 14.7 Axes
 + Level 14.7 Maces & Flails
 + Level 14.7 Polearms
 + Level 14.7 Staves
 + Level 14.7 Slings
 + Level 14.7 Bows
 + Level 14.7 Crossbows
 + Level 14.7 Throwing
 + Level 15.8 Armour
 + Level 14.7 Dodging
 + Level 14.7 Stealth
 + Level 15.8 Shields
 + Level 14.7 Unarmed Combat
 + Level 14.7 Spellcasting
 + Level 12.7 Conjurations
 + Level 12.7 Hexes
 + Level 12.7 Charms
 + Level 12.7 Summonings
 + Level 12.7 Necromancy
 + Level 12.7 Translocations
 + Level 12.7 Transmutations
 + Level 12.7 Fire Magic
 + Level 12.7 Ice Magic
 + Level 12.7 Air Magic
 + Level 12.7 Earth Magic
 + Level 12.7 Poison Magic
 + Level 15.9 Invocations
 + Level 14.7 Evocations


You had 42 spell levels left.
You didn't know any spells.
Your spell library was empty.

Dungeon Overview and Level Annotations

Branches:
Dungeon (1/1)

Altars:
Cheibriados
Dithmenos
Elyvilon
Fedhas
Gozag
Hepliaklqana
Kikubaaqudgha
Makhleb
Nemelex Xobeh
Okawaru
Qazlal
Ru
Sif Muna
Trog
Uskayaw
Vehumet
Wu Jian
Xom
Yredelemnul
Zin
The Shining One
Beogh
Jiyva
Lugonu

Shops:
D (}?}


Innate Abilities, Weirdness & Mutations

Your experience applies equally to all skills.
You have very sharp teeth.
Your uncanny sense of smell can sniff out nearby items.


Message History

* * * LOW HITPOINT WARNING * * *
Okay, then.
You slice the deep elf mage!! You burn the deep elf mage!
You kill the deep elf mage!
The ice beast disappears in a puff of smoke! x3
You hit the vault warden but do no damage.
You bite the vault warden, but do no damage.
The vault warden is severely wounded.
The vault warden misses you.
You hit the vault warden but do no damage.
The vault warden is severely wounded.
You hit the vault warden. You burn the vault warden.
Your bite misses the vault warden.
The vault warden is severely wounded.
The vault warden hits you with a +3 war axe of electrocution.
* * * LOW HITPOINT WARNING * * *
You hit the vault warden but do no damage.
The vault warden is severely wounded.
The vault warden hits you with a +3 war axe of electrocution!!
You die...

.[[[[[......).['...............'.
▓▓▓▓▓▓▓▓▓▓▓▓▓▓▓▓▓▓▓▓▓▓▓▓▓▓▓▓▓▓▓▓▓
.p...............p..............÷
▓▓▓▓▓▓▓▓♣♣♣♣♣♣♣♣♣♣▓▓▓▓▓▓▓▓▓▓▓▓▓▓▓
........'[....)).)))........'....
▓▓▓▓▓▓▓▓♣♣♣♣♣♣♣♣♣♣▓▓▓▓▓▓▓▓▓▓▓▓▓▓▓
.................................
▓▓▓▓▓▓▓▓▓▓▓▓▓▓▓▓▓▓▓▓▓▓▓▓▓▓▓▓▓▓▓▓▓
.....÷..∆+)())))@pcc....
▓▓▓▓▓▓▓▓▓▓▓▓▓▓▓▓▓▓▓▓▓▓▓▓ ∆ ∆∆∆∆∆∆
∆∆∆∆∆∆ ∆∆∆∆∆∆∆


You could see a vault warden, a yaktaur captain and a yaktaur.

Vanquished Creatures
  A sphinx (D)
  Kirke (D)
  A thorn hunter (D)
  An emperor scorpion (D)
  An ironheart preserver (D)
  2 very ugly things (D)
  2 stone giants (D)
  An entropy weaver (D)
  A vampire knight (D)
  A spark wasp (D)
  2 fire dragons (D)
  5 yaktaur captains (D)
  A great orb of eyes (D)
  2 ice dragons (D)
  2 rakshasas (D)
  A catoblepas (D)
  Harold (D)
  A ghost crab (D)
  An anaconda (D)
  An ogre mage (D)
  An alligator (D)
  2 deep troll shamans (D)
  5 death yaks (D)
  A shock serpent (D)
  A deep troll earth mage (D)
  A naga sharpshooter (D)
  2 orc high priests (D)
  A deep elf knight (D)
  A fire crab (shapeshifter) (D)
  A sea snake (D)
  An unseen horror (D)
  A swamp dragon (D)
  A wizard (D)
  A glowing orange brain (D)
  An ironbrand convoker (D)
  An orb spider (D)
  4 orc knights (D)
  A deep elf mage (D)
  6 orc sorcerers (D)
  A manticore (D)
  An ugly thing (D)
  3 cyclopes (D)
  2 merfolk sirens (D)
  A torpor snail (D)
  An elephant (D)
  5 black mambas (D)
  A guardian serpent (D)
  Psyche (D)
  A yaktaur (D)
  A freezing wraith (D)
  2 komodo dragons (D)
  A demonic crawler (D)
  3 merfolk (D)
  2 trolls (D)
  A wind drake (D)
  A tengu conjurer (D)
  3 jumping spiders (D)
  3 hornets (D)
  2 hippogriffs (D)
  3 slime creatures (D)
  2 snapping turtles (D)
  2 blink frogs (D)
  A spriggan (shapeshifter) (D)
  A tarantella (D)
  2 shadows (D)
  A wraith (D)
  A hungry ghost (D)
  Eustachio (D)
  3 yaks (D)
  A hog (D)
  A vampire mosquito (D)
  2 porcupines (D)
  3 water moccasins (D)
  5 orc warriors (D)
  A black bear (D)
  An ogre (D)
  A wolf (D)
  5 bullfrogs (D)
  2 scorpions (D)
  A crimson imp (D)
  4 orc priests (D)
  10 orc wizards (D)
  An iguana (D)
  A worker ant (D)
  An adder (D)
  An adder skeleton (D)
  An adder zombie (D)
  2 leopard geckos (D)
  9 orcs (D)
  A ball python (D)
  A giant cockroach zombie (D)
  A jackal zombie (D)
  A kobold (D)
  2 rats (D)
174 creatures vanquished.

Vanquished Creatures (others)
  A hydra (D)
  A naga warrior (D)
  A swamp drake (D)
3 creatures vanquished.

Grand Total: 177 creatures vanquished

Notes
Turn   | Place    | Note
-------+----------+-------------------------------------------
     0 | D        | Faca the Gnoll Fighter began the quest for the Orb.
     0 | D        | Reached XP level 1. HP: 23/23 MP: 1/1
    15 | D        | Reached skill level 1 in Invocations
    70 | D        | Noticed a scorpion
    70 | D        | Noticed an iguana
    77 | D        | Reached skill level 1 in Short Blades
    77 | D        | Reached skill level 1 in Axes
    77 | D        | Reached skill level 1 in Maces & Flails
    77 | D        | Reached skill level 1 in Polearms
    77 | D        | Reached skill level 1 in Staves
    77 | D        | Reached skill level 1 in Slings
    77 | D        | Reached skill level 1 in Bows
    77 | D        | Reached skill level 1 in Crossbows
    77 | D        | Reached skill level 1 in Throwing
    77 | D        | Reached skill level 1 in Dodging
    77 | D        | Reached skill level 1 in Stealth
    77 | D        | Reached skill level 1 in Unarmed Combat
    77 | D        | Reached skill level 1 in Spellcasting
    77 | D        | Reached skill level 1 in Evocations
    77 | D        | Reached XP level 2. HP: 27/29 MP: 3/3
    87 | D        | Killed a scorpion
    87 | D        | Reached skill level 5 in Long Blades
    87 | D        | Reached skill level 1 in Conjurations
    87 | D        | Reached skill level 1 in Hexes
    87 | D        | Reached skill level 1 in Charms
    87 | D        | Reached skill level 1 in Summonings
    87 | D        | Reached skill level 1 in Necromancy
    87 | D        | Reached skill level 1 in Translocations
    87 | D        | Reached skill level 1 in Transmutations
    87 | D        | Reached skill level 1 in Fire Magic
    87 | D        | Reached skill level 1 in Ice Magic
    87 | D        | Reached skill level 1 in Air Magic
    87 | D        | Reached skill level 1 in Earth Magic
    87 | D        | Reached skill level 1 in Poison Magic
    87 | D        | Reached XP level 3. HP: 24/36 MP: 3/6
    87 | D        | Reached XP level 4. HP: 28/43 MP: 3/7
   135 | D        | Found a roughly hewn altar of Beogh.
   135 | D        | Found a snail-covered altar of Cheibriados.
   135 | D        | Found a shadowy altar of Dithmenos.
   135 | D        | Found a white marble altar of Elyvilon.
   135 | D        | Found a blossoming altar of Fedhas.
   135 | D        | Found an opulent altar of Gozag.
   136 | D        | Found a hazy altar of Hepliaklqana.
   137 | D        | Found a viscous altar of Jiyva.
   138 | D        | Found an ancient bone altar of Kikubaaqudgha.
   139 | D        | Found a corrupted altar of Lugonu.
   140 | D        | Found a burning altar of Makhleb.
   141 | D        | Found a sparkling altar of Nemelex Xobeh.
   142 | D        | Found an iron altar of Okawaru.
   143 | D        | Found a stormy altar of Qazlal.
   144 | D        | Found a sacrificial altar of Ru.
   145 | D        | Found a shimmering blue altar of Sif Muna.
   146 | D        | Found a bloodstained altar of Trog.
   147 | D        | Found a hide-covered altar of Uskayaw.
   148 | D        | Found a radiant altar of Vehumet.
   149 | D        | Found an ornate altar of the Wu Jian Council.
   150 | D        | Found a shimmering altar of Xom.
   151 | D        | Found a basalt altar of Yredelemnul.
   152 | D        | Found a glowing silver altar of Zin.
   153 | D        | Found a glowing golden altar of the Shining One.
   161 | D        | Became a worshipper of the Shining One
   403 | D        | Noticed a bullfrog
   403 | D        | Noticed a wraith
   403 | D        | Reached * piety under the Shining One
   403 | D        | Noticed an ogre
   403 | D        | Noticed an unseen horror
   406 | D        | Killed an unseen horror
   406 | D        | Reached skill level 5 in Short Blades
   406 | D        | Reached skill level 5 in Axes
   406 | D        | Reached skill level 5 in Maces & Flails
   406 | D        | Reached skill level 5 in Polearms
   406 | D        | Reached skill level 5 in Staves
   406 | D        | Reached skill level 5 in Slings
   406 | D        | Reached skill level 5 in Bows
   406 | D        | Reached skill level 5 in Crossbows
   406 | D        | Reached skill level 5 in Throwing
   406 | D        | Reached skill level 5 in Dodging
   406 | D        | Reached skill level 5 in Stealth
   406 | D        | Reached skill level 5 in Unarmed Combat
   406 | D        | Reached skill level 5 in Spellcasting
   406 | D        | Reached skill level 5 in Evocations
   406 | D        | Reached XP level 5. HP: 44/51 MP: 8/12
   406 | D        | Reached XP level 6. HP: 50/57 MP: 9/14
   406 | D        | Reached XP level 7. HP: 55/63 MP: 9/15
   414 | D        | Killed a wraith
   414 | D        | Reached ** piety under the Shining One
   417 | D        | Reached XP level 8. HP: 59/71 MP: 10/17
   418 | D        | Reached skill level 5 in Conjurations
   418 | D        | Reached skill level 5 in Hexes
   418 | D        | Reached skill level 5 in Charms
   418 | D        | Reached skill level 5 in Summonings
   418 | D        | Reached skill level 5 in Necromancy
   418 | D        | Reached skill level 5 in Translocations
   418 | D        | Reached skill level 5 in Transmutations
   418 | D        | Reached skill level 5 in Fire Magic
   418 | D        | Reached skill level 5 in Ice Magic
   418 | D        | Reached skill level 5 in Air Magic
   418 | D        | Reached skill level 5 in Earth Magic
   418 | D        | Reached skill level 5 in Poison Magic
   473 | D        | Reached *** piety under the Shining One
   473 | D        | Noticed a cyclops
   473 | D        | Noticed a troll
   474 | D        | Reached **** piety under the Shining One
   481 | D        | Killed a cyclops
   487 | D        | Killed a troll
   487 | D        | Reached XP level 9. HP: 30/77 MP: 19/19
   801 | D        | Got a faintly glowing copper ring
   803 | D        | Identified the ring "Piunore" {rF++ Dex+4} (You acquired it
                  | in the Dungeon)
   804 | D        | Noticed a black mamba
   804 | D        | Noticed a komodo dragon
   804 | D        | Reached ***** piety under the Shining One
   818 | D        | Noticed a torpor snail
   819 | D        | Killed a black mamba
   819 | D        | Reached skill level 10 in Fighting
   819 | D        | Reached skill level 10 in Armour
   819 | D        | Reached skill level 10 in Shields
   824 | D        | Killed a komodo dragon
   832 | D        | Killed a torpor snail
  1048 | D        | Noticed a komodo dragon
  1048 | D        | Noticed an elephant
  1050 | D        | Reached XP level 10. HP: 86/86 MP: 22/22
  1078 | D        | Killed an elephant
  1266 | D        | Noticed a death yak
  1266 | D        | Noticed a death yak
  1266 | D        | Noticed a catoblepas
  1266 | D        | Reached ****** piety under the Shining One
  1266 | D        | Noticed a death yak
  1266 | D        | Noticed a death yak
  1278 | D        | Killed a death yak
  1278 | D        | Reached skill level 10 in Long Blades
  1281 | D        | Killed a death yak
  1281 | D        | Reached skill level 10 in Invocations
  1281 | D        | Noticed a death yak
  1305 | D        | Killed a catoblepas
  1579 | D        | Killed a death yak
  1579 | D        | Reached XP level 11. HP: 93/93 MP: 24/24
  1590 | D        | Killed a death yak
  1595 | D        | Killed a death yak
  1597 | D        | Reached skill level 10 in Short Blades
  1597 | D        | Reached skill level 10 in Axes
  1597 | D        | Reached skill level 10 in Maces & Flails
  1597 | D        | Reached skill level 10 in Polearms
  1597 | D        | Reached skill level 10 in Staves
  1597 | D        | Reached skill level 10 in Slings
  1597 | D        | Reached skill level 10 in Bows
  1597 | D        | Reached skill level 10 in Crossbows
  1597 | D        | Reached skill level 10 in Throwing
  1597 | D        | Reached skill level 10 in Dodging
  1597 | D        | Reached skill level 10 in Stealth
  1597 | D        | Reached skill level 10 in Unarmed Combat
  1597 | D        | Reached skill level 10 in Spellcasting
  1597 | D        | Reached skill level 10 in Evocations
  1864 | D        | Noticed Eustachio
  1869 | D        | Killed Eustachio
  1912 | D        | Noticed an orc knight
  1941 | D        | Killed an orc knight
  2083 | D        | Noticed an orc high priest
  2083 | D        | Noticed an orc high priest
  2089 | D        | Killed an orc high priest
  2124 | D        | Noticed a soul eater
  2124 | D        | Noticed a sun demon
  2158 | D        | Killed an orc high priest
  2182 | D        | Noticed an orc knight
  2196 | D        | Noticed an orc sorcerer
  2199 | D        | Killed an orc knight
  2204 | D        | Killed an orc sorcerer
  2489 | D        | Noticed an orc knight
  2510 | D        | Killed an orc knight
  2753 | D        | Found Peluf's Weapon Emporium.
  2759 | D        | Noticed an orc sorcerer
  2772 | D        | Killed an orc sorcerer
  2774 | D        | Found Juuhigh's Gadget Shoppe.
  2785 | D        | Found Rotta's Magic Scroll Emporium.
  2787 | D        | Noticed an orc sorcerer
  2788 | D        | Found Vyhinuf's Gadget Shoppe.
  2789 | D        | Noticed an orc sorcerer
  2797 | D        | Killed an orc sorcerer
  2797 | D        | Reached XP level 12. HP: 103/103 MP: 26/26
  2805 | D        | Noticed a soul eater
  2818 | D        | Paralysed by an orc sorcerer for 4 turns
  2932 | D        | Noticed Psyche
  2940 | D        | Killed Psyche
  2955 | D        | Noticed Harold
  2967 | D        | Killed Harold
  3094 | D        | Got the cursed +0 helmet of Lethargy {rElec Int-2 Dex+2}
  3154 | D        | Noticed an ogre mage
  3157 | D        | Noticed an ice dragon
  3169 | D        | Killed an ogre mage
  3187 | D        | Killed an ice dragon
  3261 | D        | Noticed a fire dragon
  3262 | D        | Noticed a deep troll earth mage
  3274 | D        | Noticed a white very ugly thing
  3281 | D        | Killed a fire dragon
  3281 | D        | Reached skill level 10 in Conjurations
  3281 | D        | Reached skill level 10 in Hexes
  3281 | D        | Reached skill level 10 in Charms
  3281 | D        | Reached skill level 10 in Summonings
  3281 | D        | Reached skill level 10 in Necromancy
  3281 | D        | Reached skill level 10 in Translocations
  3281 | D        | Reached skill level 10 in Transmutations
  3281 | D        | Reached skill level 10 in Fire Magic
  3281 | D        | Reached skill level 10 in Ice Magic
  3281 | D        | Reached skill level 10 in Air Magic
  3281 | D        | Reached skill level 10 in Earth Magic
  3281 | D        | Reached skill level 10 in Poison Magic
  3287 | D        | Killed a white very ugly thing
  3290 | D        | Killed a deep troll earth mage
  3600 | D        | Noticed Kirke
  3636 | D        | Killed Kirke
  3862 | D        | Noticed a shock serpent
  3862 | D        | Noticed an anaconda
  3867 | D        | Noticed a naga sharpshooter
  3870 | D        | Killed an anaconda
  3870 | D        | Reached XP level 13. HP: 106/111 MP: 29/29
  4209 | D        | Noticed an emperor scorpion
  4209 | D        | Noticed a spark wasp
  4241 | D        | Killed an emperor scorpion
  4256 | D        | Killed a spark wasp
  4551 | D        | Noticed a thorn hunter
  4573 | D        | Killed a thorn hunter
  5202 | D        | Noticed a fire dragon
  5202 | D        | Noticed a stone giant
  5202 | D        | Noticed a vampire knight
  5202 | D        | Noticed a yaktaur captain
  5207 | D        | Noticed a yaktaur captain
  5209 | D        | Noticed a great orb of eyes
  5226 | D        | Killed a vampire knight
  5231 | D        | Noticed a stone giant
  5234 | D        | Killed a fire dragon
  5247 | D        | Killed a stone giant
  5247 | D        | Reached XP level 14. HP: 36/121 MP: 29/31
  5249 | D        | Noticed a brown very ugly thing
  5279 | D        | Killed a stone giant
  5294 | D        | Killed a brown very ugly thing
  5294 | D        | Reached skill level 15 in Fighting
  5294 | D        | Reached skill level 15 in Armour
  5294 | D        | Reached skill level 15 in Shields
  5422 | D        | Reached skill level 15 in Invocations
  5821 | D        | Noticed a sphinx
  5837 | D        | Killed a sphinx
  5927 | D        | Noticed an ironheart preserver
  5941 | D        | Killed an ironheart preserver
  5976 | D        | Reached skill level 15 in Long Blades
  6000 | D        | Noticed an entropy weaver
  6012 | D        | Noticed a vault warden
  6029 | D        | Killed an entropy weaver
  6067 | D        | Demolished by a vault warden

Levels and vault maps discovered:
D:        linesprint [early_d, line_temple, items_1, d_10, items_2, lair_1,
          lair_end, items_3, orc_1, orc_end, items_4, d_15, swamp_1, shoals_1,
          snake_1, spider_1, d_20, vaults_1, items_5, swamp_end, shoals_end,
          snake_end, spider_end, vaults_end, d_27, items_6, zot_1, zot_end,
          crypt_end, forest_end, elf_end, slime_end, tomb_end, abyss_end,
          pan_hell_end]

Skill      XL: |  1  2  3  4  5  6  7  8  9 10 11 12 13 14 |
---------------+-------------------------------------------+-----
Invocations    | 1 2 6 7 9 10 11 13 14 15 | 15.9
Short Blades   | 1 2 5 6 8 9 10 12 13 14 | 14.7
Axes           | 1 2 5 6 8 9 10 12 13 14 | 14.7
Maces & Flails | 1 2 5 6 8 9 10 12 13 14 | 14.7
Polearms       | 1 2 5 6 8 9 10 12 13 14 | 14.7
Staves         | 1 2 5 6 8 9 10 12 13 14 | 14.7
Slings         | 1 2 5 6 8 9 10 12 13 14 | 14.7
Bows           | 1 2 5 6 8 9 10 12 13 14 | 14.7
Crossbows      | 1 2 5 6 8 9 10 12 13 14 | 14.7
Throwing       | 1 2 5 6 8 9 10 12 13 14 | 14.7
Dodging        | 1 2 5 6 8 9 10 12 13 14 | 14.7
Stealth        | 1 2 5 6 8 9 10 12 13 14 | 14.7
Unarmed Combat | 1 2 5 6 8 9 10 12 13 14 | 14.7
Spellcasting   | 1 2 5 6 8 9 10 12 13 14 | 14.7
Evocations     | 1 2 5 6 8 9 10 12 13 14 | 14.7
Fighting       | 7 8 9 10 11 12 13 14 15 | 15.8
Long Blades    | 5 7 8 9 10 11 12 14 15 | 15.3
Armour         | 7 8 9 10 11 12 13 14 15 | 15.8
Shields        | 7 8 9 10 11 12 13 14 15 | 15.8
Conjurations   | 1 4 5 6 8 9 10 11 12 | 12.7
Hexes          | 1 4 5 6 8 9 10 11 12 | 12.7
Charms         | 1 4 5 6 8 9 10 11 12 | 12.7
Summonings     | 1 4 5 6 8 9 10 11 12 | 12.7
Necromancy     | 1 4 5 6 8 9 10 11 12 | 12.7
Translocations | 1 4 5 6 8 9 10 11 12 | 12.7
Transmutations | 1 4 5 6 8 9 10 11 12 | 12.7
Fire Magic     | 1 4 5 6 8 9 10 11 12 | 12.7
Ice Magic      | 1 4 5 6 8 9 10 11 12 | 12.7
Air Magic      | 1 4 5 6 8 9 10 11 12 | 12.7
Earth Magic    | 1 4 5 6 8 9 10 11 12 | 12.7
Poison Magic   | 1 4 5 6 8 9 10 11 12 | 12.7

Action                   |  1- 3 |  4- 6 |  7- 9 | 10-12 | 13-15 || total
-------------------------+-------+-------+-------+-------+-------++-------
Melee: Long sword        |    29 |    13 |       |       |       ||    42
       Bite              |     2 |     1 |     7 |    70 |   122 ||   202
       Scimitar          |       |     3 |    66 |   353 |   433 ||   855
       Unarmed           |       |       |       |    20 |       ||    20
Invok: Cleansing Flame   |       |       |       |     2 |       ||     2
       Divine Shield     |       |       |       |       |     1 ||     1
Evoke: Wand              |       |       |       |     2 |     4 ||     6
  Use: Scroll            |       |       |     1 |       |       ||     1
       Potion            |       |       |       |     8 |     8 ||    16
  Eat: Chunk             |       |       |     1 |     9 |     1 ||    11
       Ration            |       |       |       |       |     2 ||     2
Armor: Scale mail        |     4 |     8 |       |       |       ||    12
       Chain mail        |       |     1 |    20 |    44 |       ||    65
       Plate armour      |       |       |       |    33 |   145 ||   178
Dodge: Dodged            |     7 |     6 |    26 |   138 |   154 ||   331
Block: Shield            |    13 |     3 |    39 |   155 |   281 ||   491
       Rpst.: Long sword |     1 |     2 |       |       |       ||     3
       Scimitar          |       |       |     8 |    19 |    21 ||    48

Table legend:
 A = Non-vault XP
 B = Vault XP
 C = Vault XP percentage of total XP
 D = Non-vault monster count
 E = Vault monster count
 F = Vault count percentage of total count
                 A         B        C        D         E       F
            +---------+---------+-------+---------+---------+-------
      Total |       0 |   80406 | 100.0 |       0 |     175 | 100.0
            +---------+---------+-------+---------+---------+-------
          D |       0 |   80406 | 100.0 |       0 |     175 | 100.0
            +---------+---------+-------+---------+---------+-------
